 Dungeon Crawl Stone Soup version 0.22.1-6-g1668fe2 (webtiles) character file.

80 Fang the Skirmisher (level 4, 0/29 HPs)
             Began as a Gargoyle Berserker on Feb 7, 2019.
             Was a Believer of Trog.
             Slain by a gnoll
             ... wielding a cursed -3 spear
              (5 damage)
             ... on level 2 of the Dungeon.
             The game lasted 00:02:18 (1626 turns).

Fang the Skirmisher (Gargoyle Berserker)            Turns: 1626, Time: 00:02:18

Health: 0/29       AC:  6    Str: 22    XL:     4   Next: 39%
Magic:  4/4        EV: 12    Int:  7    God:    Trog [**....]
Gold:   87         SH:  0    Dex:  9    Spells: 3/3 levels left

rFire    . . .     SeeInvis .   a - +0 hand axe
rCold    . . .     Gourm    .   (no shield)
rNeg     + . .     Faith    .   b - +0 animal skin
rPois    ∞         Spirit   .   (no helmet)
rElec    +         Reflect  .   (no cloak)
rCorr    .         Harm     .   (no gloves)
MR       .....                  (no boots)
Stlth    +.........             (no amulet)
HPRegen  0.09/turn              k - +1 ring of protection
MPRegen  0.09/turn              (no ring)

@: no status effects
A: negative energy resistance 1, electricity resistance, unbreathing,
petrification resistance, rot immunity, AC +3
a: Berserk, Trog's Hand, Renounce Religion


You were on level 2 of the Dungeon.
You worshipped Trog.
Trog was pleased with you.
You were not hungry.

You visited 1 branch of the dungeon, and saw 2 of its levels.

You collected 87 gold pieces.

Inventory:

Hand Weapons
 a - a +0 hand axe (weapon)
Armour
 b - a +0 animal skin (worn)
Jewellery
 k - a +1 ring of protection (left hand)
 m - an uncursed amulet of the acrobat {unknown}
Scrolls
 d - a scroll of random uselessness {unknown}
 e - 3 scrolls of identify {unknown}
 f - a scroll of magic mapping {unknown}
 h - a scroll of immolation {unknown}
 j - a scroll of remove curse {unknown}
 n - 2 scrolls of enchant armour {unknown}
Potions
 g - 3 potions of heal wounds {unknown}
 i - a potion of degeneration {unknown}
 l - a potion of curing {unknown}
Comestibles
 c - 4 rations
 o - a chunk of flesh


   Skills:
 + Level 4.0 Fighting
 + Level 3.2 Axes
 + Level 3.0 Armour
 + Level 2.3 Dodging


You had 3 spell levels left.
You didn't know any spells.
Your spell library was empty.

Dungeon Overview and Level Annotations

Branches:
Dungeon (2/15)

Altars:
Trog


Innate Abilities, Weirdness & Mutations

You are resistant to torment.
Your stone body is resilient. (AC +3)
You are immune to poison.
You resist negative energy. (rN+)
You are resistant to electric shocks. (rElec)
You can survive without breathing.
You are immune to petrification.
You are immune to rotting.


Message History

You kill the gnoll!
Trog accepts your kill.
Your Fighting skill increases to level 4!
Your Armour skill increases to level 3!
The gnoll closely misses you.
The gnoll hits you from afar with a halberd.
The gnoll closely misses you. The gnoll closely misses you.
The gnoll hits you with an enchanted spear.
You are too injured to fight recklessly!
You are too injured to fight recklessly!
You are too injured to fight recklessly!
You are too injured to fight recklessly!
You are too injured to fight recklessly!
You are too injured to fight recklessly!
Unknown command.
The gnoll hits you with a halberd!
* * * LOW HITPOINT WARNING * * *
The gnoll hits you with an enchanted spear.
You die...

#.
#.#...##........
#.
#>#...##########
####'####.#...#
..........#...#
..........#...#
..........#...#
..........#...#
........).#...#
......g@g.#
..........#
..........#
..........#
.........##
.........#
.........#
.........'


You could see 2 gnolls.

Vanquished Creatures
  A gnoll (D:2)
  2 adders (D:2)
  An ooze (D:1)
  A worm (D:2)
  A dart slug (D:1)
  2 leopard geckos (D:1)
  A ball python (D:1)
  11 bats
  A giant cockroach (D:2)
  A goblin (D:1)
  4 hobgoblins
  5 jackals (D:1)
  3 frilled lizards
  3 kobolds
  5 rats
42 creatures vanquished.

Notes
Turn   | Place    | Note
-------+----------+-------------------------------------------
     0 | D:1      | Fang the Gargoyle Berserker began the quest for the Orb.
     0 | D:1      | Reached XP level 1. HP: 14/14 MP: 1/1
   216 | D:1      | Reached XP level 2. HP: 18/19 MP: 2/2
   468 | D:1      | Reached XP level 3. HP: 19/24 MP: 3/3
   991 | D:2      | Reached ** piety under Trog
  1018 | D:2      | Reached XP level 4. HP: 9/29 MP: 4/4
  1560 | D:2      | Found a bloodstained altar of Trog.
  1624 | D:2      | Reached skill level 4 in Fighting
  1626 | D:2      | Slain by a gnoll

Skill      XL: |  1  2  3  4 |
---------------+-------------+-----
Axes           | 3 |  3.2
Dodging        | 2 |  2.3
Fighting       | 4 |  4.0
Armour         | 3 |  3.0

Action                   |  1- 3 |  4- 6 || total
-------------------------+-------+-------++-------
Melee: Hand axe          |    90 |    37 ||   127
  Eat: Chunk             |       |     2 ||     2
Armor: Animal skin       |    33 |    15 ||    48
Dodge: Dodged            |    87 |    32 ||   119
